 Dungeon Crawl Stone Soup version 0.23-a0-175-g97aacdb306 (webtiles) character file.

48 PikkenKukken the Skirmisher (level 3, -1/29 HPs)
             Began as a Demonspawn Fighter on Sept 17, 2018.
             Slain by a worm (3 damage)
             ... on level 2 of the Dungeon.
             The game lasted 00:01:45 (1367 turns).

PikkenKukken the Skirmisher (Demonspawn Fighter)    Turns: 1367, Time: 00:01:45

Health: -1/29      AC:  9    Str: 21    XL:     3   Next: 50%
Magic:  3/3        EV:  5    Int:  9    God:
Gold:   87         SH:  9    Dex: 13    Spells: 2/2 levels left

rFire    . . .     SeeInvis .   i - -2 dagger (curse)
rCold    . . .     Gourm    .   c - +0 shield
rNeg     . . .     Faith    .   j - +0 chain mail
rPois    .         Spirit   .   (no helmet)
rElec    .         Reflect  .   (no cloak)
rCorr    .         Harm     .   (no gloves)
MR       .....                  (no boots)
Stlth    ..........             (no amulet)
HPRegen  0.09/turn              b - +5 ring of strength
MPRegen  0.08/turn              (no ring)

@: no status effects
A: demonic guardian 1, powered by pain 1
a: no special abilities


You were on level 2 of the Dungeon.
You were hungry.

You visited 1 branch of the dungeon, and saw 2 of its levels.

You collected 87 gold pieces.

Inventory:

Hand Weapons
 a - a +0 rapier
 i - a cursed -2 dagger (weapon)
Armour
 c - a +0 shield (worn)
 j - a +0 chain mail (worn)
Jewellery
 b - a +5 ring of strength (left hand)
Scrolls
 h - 2 scrolls of blinking
Potions
 d - a potion of might
 e - 2 potions of curing {unknown}
Comestibles
 f - 4 rations


   Skills:
 + Level 3.3 Fighting
 * Level 2.6 Short Blades
 + Level 3.0 Armour
 + Level 3.0 Shields


You had 2 spell levels left.
You didn't know any spells.
Your spell library was empty.

Dungeon Overview and Level Annotations

Branches:
Dungeon (2/15)

Altars:


Innate Abilities, Weirdness & Mutations

A weak demonic guardian rushes to your aid.
You sometimes gain a little power by taking damage.


Message History

You hit the worm.
The worm is heavily wounded.
You hit the worm.
The worm is severely wounded.
The worm bites you but does no damage.
You barely miss the worm.
The worm is heavily wounded.
The worm bites you but does no damage.
You hit the worm but do no damage.
The worm is heavily wounded.
You hit the worm.
The worm is severely wounded.
The worm bites you.
* * * LOW HITPOINT WARNING * * *
You hit the worm.
The worm is severely wounded.
You hit the worm.
The worm is severely wounded.
The worm bites you.
You die...

.. .. ## .# ## #.# .##.# #.#
.#.. #.# ..####. #.#.#
#w#....... ..... ###@####
#...# #......# #...#
#.#.##.# #...#
####...##.########
###...#####..........#.....#
..........#.##..#.#..#.....#
......).....##.............#
.............#....#..#.....#
###...###.###.....#..#.....#


You could see a worm.

Vanquished Creatures
  An adder (D:2)
  A dart slug (D:1)
  3 leopard geckos
  2 ball pythons (D:1)
  6 bats (D:1)
  2 giant cockroaches (D:1)
  7 goblins
  3 hobgoblins
  A kobold (D:1)
  2 frilled lizards (D:1)
  3 rats (D:1)
31 creatures vanquished.

Notes
Turn   | Place    | Note
-------+----------+-------------------------------------------
     0 | D:1      | PikkenKukken the Demonspawn Fighter began the quest for the
                  | Orb.
     0 | D:1      | Reached XP level 1. HP: 18/18 MP: 1/1
    99 | D:1      | Gained mutation: You sometimes gain a little power by
                  | taking damage. [demonic ancestry]
    99 | D:1      | Reached XP level 2. HP: 24/24 MP: 2/2
   528 | D:1      | Gained mutation: A weak demonic guardian rushes to your
                  | aid. [demonic ancestry]
   528 | D:1      | Reached XP level 3. HP: 23/29 MP: 3/3
  1367 | D:2      | Slain by a worm

Vault maps used:
D:1:      minmay_arrival_shattered_statue, nrook_uturn
D:2:      old_standard_altar

Skill      XL: |  1  2  3 |
---------------+----------+-----
Short Blades   | 2 |  2.6
Shields        | 3 |  3.0
Armour         | 3 |  3.0
Fighting       | |  3.3

Action                   || total
-------------------------++-------
Melee: Rapier            ||    80
       Dagger            ||    99
  Use: Scroll            ||     4
  Eat: Chunk             ||     1
Armor: Scale mail        ||    65
       Chain mail        ||    20
Dodge: Dodged            ||    32
Block: Shield            ||    74

Table legend:
 A = Non-vault XP
 B = Vault XP
 C = Vault XP percentage of total XP
 D = Non-vault monster count
 E = Vault monster count
 F = Vault count percentage of total count
                 A         B        C        D         E       F
            +---------+---------+-------+---------+---------+-------
      Total |      69 |       0 |   0.0 |      31 |       0 |   0.0
            +---------+---------+-------+---------+---------+-------
        D:1 |      49 |       0 |   0.0 |      27 |       0 |   0.0
        D:2 |      20 |       0 |   0.0 |       4 |       0 |   0.0
            +---------+---------+-------+---------+---------+-------
